 Dungeon Crawl Stone Soup version 0.17-a0-1979-g1c74939 (webtiles) character file.

30 Shim the Grasshopper (level 3, 0/24 HPs)
             Began as a High Elf Warper on Oct 5, 2015.
             Slain by a hobgoblin
             ... wielding a +0 club
              (3 damage)
             ... on level 2 of the Dungeon.
             The game lasted 00:08:36 (2543 turns).

Shim the Grasshopper (High Elf Warper)              Turns: 2543, Time: 00:08:36

Health: 0/24       AC:  3    Str: 10    XL:     3   Next: 5%
Magic:  7/7        EV: 12    Int: 17    God:
Gold:   31         SH:  0    Dex: 15    Spells: 2 memorised, 4 levels left

rFire  . . .     SeeInvis .     a - +0 short sword
rCold  . . .     Clarity  .     b - +0 leather armour
rNeg   . . .     SustAt   .     (no shield)
rPois  .         Gourm    .     (no helmet)
rElec  .         Spirit   .     (no cloak)
rCorr  .         Warding  .     (no gloves)
rMut   .         Stasis   .     (no boots)
MR     .....                    (no amulet)
Stlth  +.........               (no ring)
                                (no ring)

@: not resistant to hostile enchantments, very unstealthy
A: no striking features
a: no special abilities


You were on level 2 of the Dungeon.
You were hungry.

You visited 1 branch of the dungeon, and saw 2 of its levels.

You collected 31 gold pieces.

Inventory:

Hand Weapons
 a - a +0 short sword (weapon)
Missiles
 e - 5 tomahawks of dispersal
 i - 29 stones (quivered)
Armour
 b - a +0 leather armour (worn)
Scrolls
 k - 3 scrolls of enchant weapon {unknown}
 l - a scroll of remove curse {unknown}
Potions
 g - a potion of haste {unknown}
 h - a potion of curing {unknown}
 j - a potion of brilliance {unknown}
Books
 c - a book of Spatial Translocations

   Spells                             Type                      Level
   a - Apportation                    Translocation                1
   b - Blink                          Translocation                2
   c - Shroud of Golubria             Charms/Translocation         2
   d - Portal Projectile              Translocation                3
   e - Teleport Other                 Translocation                3
   f - Passage of Golubria            Translocation                4
Comestibles
 f - a bread ration


   Skills:
 + Level 2.2 Fighting
 + Level 2.9 Short Blades
 + Level 1.1 Throwing
 + Level 1.2 Armour
 + Level 2.5 Dodging
 + Level 0.5 Stealth
 + Level 2.5 Spellcasting
 + Level 3.5 Translocations


You had 4 spell levels left.
You knew the following spells:

 Your Spells              Type           Power        Failure   Level  Hunger
a - Apportation           Tloc           ##........   8%          1    #......
b - Blink                 Tloc           N/A          10%         2    ##.....


Dungeon Overview and Level Annotations

Branches:
Dungeon (2/15)

Altars:
Qazlal


Message History

The hobgoblin hits you with a club.
* * * LOW HITPOINT WARNING * * *
You hit the hobgoblin but do no damage.
The hobgoblin is heavily wounded.
The hobgoblin hits you but does no damage.
You hit the hobgoblin but do no damage.
The hobgoblin is heavily wounded.
The hobgoblin hits you with a club.
* * * LOW HITPOINT WARNING * * *
Found a leather armour.
Found a stone staircase leading up.
Found a mace.
You see here a leather armour.
Found a stormy altar of Qazlal.
There is a stone staircase leading up here.
Found 9 bolts, a plate armour and 15 sling bullets.
Found an escape hatch in the floor.
Things that are here:
a mace; a lumpy orange potion The hobgoblin hits you with a club.
You die...

# #########...$
#....@.......
#...g........
#(.K≈...≈....
#...≈...≈≈≈≈.
#..≈≈≈≈≈≈≈≈..
#..≈≈≈≈≈≈≈≈≈.
#).≈≈≈_>≈≈...
###..≈≈≈.⌠≈≈.≈.
#.....≈≈≈≈≈≈.


You could see a hobgoblin and a kobold.

Vanquished Creatures
  3 bats (D:1)
  2 giant cockroaches (D:1)
  7 hobgoblins
  2 quokkas (D:1)
  3 giant newts (D:1)
  3 goblins
  5 kobolds (D:1)
  3 rats
  A bush (D:1)
  A plant (D:1)
30 creatures vanquished.

Notes
Turn   | Place    | Note
--------------------------------------------------------------
     0 | D:1      | Shim the High Elf Warper began the quest for the Orb.
     0 | D:1      | Reached XP level 1. HP: 14/14 MP: 4/4
   475 | D:1      | Reached skill level 1 in Armour
   778 | D:1      | Reached XP level 2. HP: 14/19 MP: 6/6
   782 | D:1      | Learned a level 2 spell: Blink
  2435 | D:2      | Reached XP level 3. HP: 5/24 MP: 7/7
  2533 | D:2      | Found a stormy altar of Qazlal.
  2543 | D:2      | Slain by a hobgoblin

Vault maps used:
D:1:      onia_arrival_larder, serial_forest, infiniplex_forest_lined_room_2,
          infiniplex_forest_end_3, infiniplex_forest_straight_2,
          infiniplex_forest_clump_small, infiniplex_forest_end_2,
          infiniplex_forest_clump_small, infiniplex_forest_lined_corner,
          infiniplex_forest_clump_long, infiniplex_forest_lined_2,
          infiniplex_forest_clump_small
D:2:      nicolae_overflow_hidden_temple, nicolae_qazlal_general_emergency,
          first_bread, minmay_goblin_kobold_house

Action                   || total
-------------------------++-------
Melee: Short sword       ||   308
Throw: Stone             ||    20
  Use: Scroll            ||     1
 Stab: Sleeping          ||     2
  Eat: Chunk             ||     5
